Chestnut, chaotic male elven Priest ----------- |.........+ ------------- ------ |.........| |...........| |.....# |......@..| |...........| +.<..|# |.......q.| |............# |....|# -------|-+- |...........|# ------# # # ---------|---# # ##### ## # # # #################################$# ##)################# ##### ########### #% # #---|-- # # --.----- #|.%%.| #####################-......| #|.$$$| # # |......| #..$$$| ####### +......| |.$$$| -------.------ -------- |.%.$| |............| |.$$$| |..........<..### ------ ##...!........(| -------------- Chestnut the Adept Experience level: 9 Strength: 15 Dexterity: 15 Constitution: 16 Intelligence: 15 Wisdom: 18 Charisma: 9 Health: 0(73) Energy: 119(132) Def: 6 Gold: 0 Moves: 12600 Dungeon seed: xZYWb7G9j2cxVKPu Game ID: Chestnut_1615471378 Your Inventory: Amulets r - an amulet versus poison (being worn) Weapons i - 9 blessed +1 elven arrows E - a +0 bow (alternate weapon; not wielded) H - 5 +0 arrows (in quiver) Q - 6 blessed +2 arrows Armor e - a +0 robe (being worn) q - a +1 pair of gauntlets of dexterity (being worn) T - a +0 pair of speed boots (being worn) Y - a +0 orcish helm (being worn) Comestibles d - a lizard corpse F - 3 lembas wafers I - 5 tripe rations Scrolls z - a blessed scroll of earth A - a scroll of earth S - a blessed scroll of teleportation Potions c - 3 potions of holy water f - a potion of speed s - a potion of hallucination Rings B - a ring of teleport control J - a ring of slow digestion M - a +5 ring of increase damage (on left hand) O - a ring of cold resistance (on right hand) U - a blessed +2 ring of protection Wands h - a wand of speed monster (0:2) w - a blessed wand of light (0:10) K - a wand of sleep (0:3) L - a wand of slow monster (0:7) Z - a wand of undead turning (0:4) Tools l - a blessed oilskin sack m - a blindfold p - 6 blessed wax candles (0:400) v - a blessed +0 unicorn horn (weapon in hands) x - a cursed drum of earthquake (0:8) C - a brass lantern (0:499) D - a skeleton key N - a partly used wax candle (0:236) Gems n - a garnet stone u - a luckstone y - a fluorite stone R - a jasper stone Contents of the oilskin sack: 4372 gold pieces 6 cursed +0 arrows a cursed cram ration 2 blessed scrolls of blank paper 6 scrolls of blank paper a scroll of create monster a scroll of destroy armor a blessed scroll of taming a blessed spellbook of extra healing a spellbook of healing a spellbook of magic missile a blessed spellbook of protection a blessed spellbook of remove curse a blessed spellbook of restore ability a potion of confusion a potion of extra healing 2 cursed potions of healing a potion of invisibility a potion of levitation a potion of object detection a potion of restore ability 2 potions of speed a cursed ring of stealth a ring of warning a wand of create monster (0:12) a wand of probing (0:7) a cursed wand of slow monster (0:5) a cursed wand of speed monster (0:2) Spells and supernatural/magical abilities: Name Level Category Fail Memory f - fireball 4 attack 91% 62% h - healing 1 healing 0% 38% l - light 1 divination 0% 45% m - magic missile 2 attack 0% 63% n - detect monsters 1 divination 0% 38% p - protection 1 clerical 0% 70% r - remove curse 3 clerical 0% 70% v - clairvoyance 3 divination 59% 70% w - wizard lock 2 matter 0% 80% x - extra healing 3 healing 54% 73% F - finger of death 7 attack 97% 90% I - identify 3 divination 59% 69% K - cure sickness 3 healing 54% 62% L - levitation 4 escape 91% 70% O - create monster 2 clerical 0% 73% R - restore ability 4 healing 89% 76% W - pray for help -- divine ? -- X - turn undead -- divine ? -- Your skills at the end: Fighting Skills Weapon Skills mace [Basic] Spellcasting Skills clerical spells [Basic] Final Attributes: You were piously aligned. You were cold resistant. You were sleep resistant. You were poison resistant. You were telepathic. You had infravision. You had a +5 damage bonus. You were very fast. You were lucky. You had extra luck. Bad luck did not time out for you. Good luck did not time out for you. You are dead. Vanquished creatures: 6 ghosts 2 small mimics a wood golem a large dog a dwarf king a human mummy a leather golem 3 leprechauns an orc-captain an ice vortex 2 gnome kings an orc mummy a brown pudding an owlbear a lizard a chickatrice 2 dogs a housecat a white unicorn a gray unicorn a dust vortex 3 gnome mummies 2 water moccasins an ape 6 soldier ants 7 fire ants a water nymph a mountain nymph 10 Uruk-hai an orc shaman 3 rock moles 2 fog clouds 4 yellow lights 8 gnome lords 4 gnomish wizards 4 kobold mummies a red naga hatchling a black naga hatchling 2 golden naga hatchlings 2 guardian naga hatchlings a ghoul 3 straw golems 2 paper golems 3 giant ants 2 little dogs 11 floating eyes 4 kittens 11 dwarves a homunculus 2 kobold lords 3 kobold shamans 2 hill orcs 8 rothes a rabid rat a centipede 5 giant bats 3 monkeys 5 orc zombies a dwarf zombie 2 wererats a werejackal 7 iguanas a killer bee 3 acid blobs 5 coyotes 2 gas spores 4 hobbits 2 manes 5 large kobolds 4 hobgoblins 4 giant rats 9 cave spiders 2 brown molds 4 yellow molds a green mold 2 red molds 34 gnomes 11 garter snakes 3 gnome zombies 4 geckos 13 jackals 3 foxes 3 kobolds 4 goblins 15 sewer rats 15 grid bugs a lichen 3 kobold zombies 14 newts 344 creatures vanquished. Voluntary challenges: You used a wielded weapon 395 times, starting on turn 4. You read items or engraved 210 times, starting on turn 577. You never genocided any monsters. You never polymorphed an object. You never changed form. You used no wishes. You never split a pudding. You wrote Elbereth's name 5 times, starting on turn 4866. You violated your moral code, losing 25 points of alignment, starting on turn 4580. Dungeon overview: The Dungeons of Doom: levels 1 to 8 Level 1 a fountain a long staircase Level 2 a general store, a fountain stairs to The Gnomish Mines Level 3 a scroll shop, some fountains Level 4 an altar to Venus, a sink Level 5 a general store Level 6 Level 7 Level 8 <- You were here stairs to Sokoban The Gnomish Mines: levels 3 to 8 Level 3 stairs to The Dungeons of Doom Level 4 Level 5 some shops, a temple to Venus, some fountains Level 6 Level 7 Level 8 Sokoban: levels 4 to 7 Level 4 Level 5 Level 6 Level 7 stairs to The Dungeons of Doom History has recorded: On T:1 you entered the Dungeons of Doom to retrieve the Amulet of Yendor! On T:361 you advanced to experience level 2. On T:503 you reached level 2 of The Dungeons of Doom. On T:563 you advanced to experience level 3. On T:949 you reached level 1 of The Gnomish Mines. On T:1118 you reached level 3 of The Dungeons of Doom. On T:1274 you advanced to experience level 4. On T:1360 you reached level 4 of The Dungeons of Doom. On T:2505 you advanced to experience level 5. On T:2575 you reached level 5 of The Dungeons of Doom. On T:2947 you reached level 6 of The Dungeons of Doom. On T:4801 you advanced to experience level 6. On T:5611 you reached level 2 of The Gnomish Mines. On T:6203 you reached level 3 of The Gnomish Mines. On T:6725 you advanced to experience level 7. On T:7884 you reached level 4 of The Gnomish Mines. On T:8375 you reached level 5 of The Gnomish Mines. On T:8915 you advanced to experience level 8. On T:9202 you reached level 6 of The Gnomish Mines. On T:10008 you advanced to experience level 9. On T:10695 you reached level 7 of The Dungeons of Doom. On T:10851 you reached level 8 of The Dungeons of Doom. On T:11059 you reached level 4 of Sokoban. On T:11408 you reached level 3 of Sokoban. On T:11932 you reached level 2 of Sokoban. On T:12327 you reached level 1 of Sokoban. Score breakdown: Gold: 4372 (12384 points) Experience: 9 levels (15756 points) Exploration: 8 levels ( 15.69%) (11224 points) Discoveries: 79 items ( 27.62%) (15767 points) Valuables value: (no points given unless you survive) Artifact value: 0 ( 0 points) Variety of kills: 89 monsters ( 23.36%) (14499 points) Turncount: 12600 turns (-2720 points) Survival: died (score multiplied by 80%) Total score: 53528 Latest messages: The soldier ant bites! The soldier ant misses. The soldier ant bites! The soldier ant stings! You kill the soldier ant! The door opens. Qwerty drops 65 gold pieces. You see here 65 gold pieces. You hear the footsteps of a guard on patrol. You displace Qwerty. This door is locked. You succeed in unlocking the door. The door opens. The leocrotta hits! The leocrotta bites! The leocrotta hits! You see here 100 gold pieces. The leocrotta hits! The leocrotta bites! The leocrotta hits! (2x) The leocrotta bites! The leocrotta hits! You die... Final status: Goodbye Chestnut the Priest, killed by a leocrotta... You died in The Dungeons of Doom on dungeon level 8 with 53528 points, and 4372 pieces of gold, after 12600 moves. You were level 9 with a maximum of 73 hit points when you died.